 Dungeon Crawl Stone Soup version 0.30.1-3-gfc49f6343a (webtiles) character file.

Game seed: 4771224020178293597

273 shmup the Firebug (level 6, -6/32 HPs)
             Began as a Tengu Fire Elementalist on July 27, 2023.
             Killed from afar by an orc wizard (12 damage)
             ... with a magic dart
             ... on level 4 of the Dungeon.
             The game lasted 00:09:35 (3041 turns).

shmup the Firebug (Tengu Fire Elementalist)         Turns: 3041, Time: 00:09:35

Health: -6/32      AC:  2    Str:  9    XL:     6   Next: 23%
Magic:  10/10      EV: 14    Int: 17    God:
Gold:   89         SH:  0    Dex: 14    Spells: 6/9 levels left

rFire   . . .        q - +2 whip (elec)
rCold   . . .        (no shield)
rNeg    . . .        a - +0 robe
rPois   .            (helmet restricted)
rElec   .            (no cloak)
rCorr   .            (no gloves)
SInv    .            (boots unavailable)
Will    .....        (no amulet)
Stlth   ++           (no ring)
HPRegen 0.25/turn    (no ring)
MPRegen 0.12/turn

%: no passive effects
@: flying quickly and evasively, quick
A: beak, talons 3, nimble flight
a: no special abilities


You were on level 4 of the Dungeon.
You visited 1 branch of the dungeon, and saw 4 of its levels.

You collected 89 gold pieces.

Inventory:

Hand Weapons
 i - a +0 trident
 m - a +0 dagger
 q - a +2 whip of electrocution (weapon)
 s - a +0 heavy spear
Missiles
 e - 18 stones
 p - 8 poisoned darts
Armour
 a - a +0 robe (worn)
 r - a +0 cloak
Wands
 t - a wand of charming (8)
Scrolls
 c - 2 scrolls of amnesia {unknown}
 g - a scroll of acquirement {unknown}
 h - a scroll of fear {unknown}
 l - a scroll of blinking
 n - a scroll of immolation {unknown}
Potions
 b - a potion of magic
 d - a potion of attraction {unknown}
 f - 2 potions of curing
 j - 3 potions of degeneration
 k - a potion of lignification {unknown}
 o - a potion of might {unknown}
 u - a potion of haste {unknown}


   Skills:
 - Level 2.1 Dodging
 - Level 2.0 Stealth
 - Level 2.0 Spellcasting
 + Level 4.6 Conjurations
 * Level 6.4 Fire Magic


You had 6 spell levels left.
You knew the following spells:

 Your Spells              Type           Power      Damage    Failure   Level
a - Foxfire               Conj/Fire      80%        2x1d8     1%          1
b - Scorch                Fire           46%        2d7       2%          2

Your spell library contained the following spells:

 Spells                   Type           Power      Damage    Failure   Level
 Inner Flame              Hex/Fire       12%        N/A       16%         3
 Volatile Blastmotes      Fire/Tloc      24%        2d12      16%         3
 Flame Wave               Conj/Fire      20%        2d7       21%         4


Dungeon Overview and Level Annotations

Branches:
Dungeon (4/15)
 Temple: D:4-7

Altars:

Shops:
D:1 (


Innate Abilities, Weirdness & Mutations

You have a beak for a mouth.
You have claws for feet.
Your magical nature lets you fly swiftly and evasively.


Message History

Sorry, you're not good enough to have a special ability.
Something hits you.
* * * LOW HITPOINT WARNING * * *
Something freezes you.
* * * LOW HITPOINT WARNING * * *
Unknown command.
You hit the orc. Lightning courses through the orc!
You kill the orc!
You feel less confused. Something hits you but does no damage.
Unknown command.
Something hits you.
* * * LOW HITPOINT WARNING * * *
Something freezes you.
* * * LOW HITPOINT WARNING * * *
Something hits you.
* * * LOW HITPOINT WARNING * * *
Something freezes you.
* * * LOW HITPOINT WARNING * * *
Items here: ! ) [.
You hit something. Your peck misses something. Something hits you.
* * * LOW HITPOINT WARNING * * *
Something freezes you.
* * * LOW HITPOINT WARNING * * *
Something hits you.
* * * LOW HITPOINT WARNING * * *
Something freezes you.
* * * LOW HITPOINT WARNING * * *
Something hits you.
* * * LOW HITPOINT WARNING * * *
Something freezes you.
* * * LOW HITPOINT WARNING * * *
Items here: ! ) [.
Items here: $ ) ?.
A kobold comes into view. It is wielding a +0 short sword.
Something hits you but does no damage.
Items here: $ ) ?.
A magic dart appears from out of thin air!
The magic dart hits you!
You die...

..........▒.........▒▒▒▒..▒
................[...▒▒▒......▒
.......▒▒.......K....▒▒....▒.....
.......▒▒▒........▒...▒▒..▒▒ ▒...
▒▒............%▒▒.▒▒..▒▒...▒ ..
▒............▒▒▒▒▒▒.......▒
▒..............▒▒▒▒..▒▒..▒▒
▒▒.%.........){....▒.▒▒.....▒
..............▒.Q........S.▒▒
............▒▒▒▒.....▒▒▒▒.▒▒
..▒......▒▒▒▒ ▒.......[.
..▒.........▒▒▒....▒.▒..▒
.▒▒▒..▒......▒▒▒▒.▒▒▒▒▒▒▒
..▒▒.▒▒▒▒..▒▒▒ ▒▒▒ ..▒▒▒▒ ▒▒.▒
.▒▒ ▒▒▒ ▒▒


There were no monsters in sight!

Vanquished Creatures
  A black bear (D:4)
  3 gnolls (D:3)
  9 adders
  A worm (D:2)
  2 dart slugs
  4 orcs (D:4)
  4 bats
  6 endoplasms
  2 giant cockroaches
  3 goblins
  9 hobgoblins
  5 kobolds
  2 quokkas
  8 ball pythons
  2 frilled lizards (D:1)
  8 rats
69 creatures vanquished.

Vanquished Creatures (others)
  191 foxfires
191 creatures vanquished.

Grand Total: 260 creatures vanquished

Notes
Turn   | Place    | Note
-------+----------+-------------------------------------------
     0 | D:1      | shmup the Tengu Fire Elementalist began the quest for the
                  | Orb.
     0 | D:1      | Reached XP level 1. HP: 10/10 MP: 4/4
   263 | D:1      | Reached XP level 2. HP: 15/15 MP: 1/6
   467 | D:1      | Found a faded altar of an unknown god.
   604 | D:1      | Reached skill level 4 in Fire Magic
   797 | D:1      | Found Zohuavij's Antique Weapon Shop.
  1119 | D:2      | Reached XP level 3. HP: 19/19 MP: 2/7
  1125 | D:2      | Learned a level 2 spell: Scorch
  1476 | D:2      | Reached XP level 4. HP: 24/24 MP: 3/8
  1524 | D:2      | You fall into a shaft and drop 1 floor!
  1664 | D:3      | Reached skill level 5 in Fire Magic
  2185 | D:3      | Gained mutation: Your magical nature lets you fly swiftly
                  | and evasively. [Tengu growth]
  2185 | D:3      | Reached XP level 5. HP: 28/28 MP: 2/9
  2651 | D:4      | Noticed a black bear
  2688 | D:4      | Killed a black bear
  2689 | D:4      | Reached skill level 6 in Fire Magic
  2689 | D:4      | Reached XP level 6. HP: 32/32 MP: 6/10
  3041 | D:4      | Killed from afar by an orc wizard

Illustrated notes

Levels and vault maps discovered:
D:1:      dpeg_arrival_prison, layout_loops_ring, serial_shops,
          nicolae_shop_peninsula, chequers_ecumenical_altar_simple
D:2:      layout_rooms
D:3:      layout_loops_ring, grunt_decor_one_mirror
D:4:      black_bear_nest_2, layout_cave_pools, kennysheep_nondescript

Skill      XL: |  1  2  3  4  5 |
---------------+----------------+-----
Conjurations   | 2 3 4 |  4.6
Fire Magic     | 4 5 6 |  6.4
Dodging        | |  2.1
Stealth        | |  2.0
Spellcasting   | |  2.0

Action                     |  1- 3 |  4- 6 || total
---------------------------+-------+-------++-------
  Melee: Trident           |     8 |    12 ||    20
         Kick              |     2 |     4 ||     6
         Peck              |     1 |     2 ||     3
         Whip              |       |     4 ||     4
   Cast: Foxfire           |    54 |    58 ||   112
         Scorch            |     2 |     4 ||     6
    Use: Scroll            |       |     3 ||     3
 Armour: Robe              |     2 |     5 ||     7
  Dodge: Dodged            |     9 |    11 ||    20
